 Dungeon Crawl Stone Soup version 0.26-a0-940-gf7e0b5f775 (webtiles) character file.

Game seed: 6519451740699648117

3028 mandarbmax the Grappler (level 9, -3/76 HPs)
             Began as a Troll Transmuter on Nov 28, 2020.
             Was a Believer of Okawaru.
             Slain by an orc warrior
             ... wielding a +0 spear
              (25 damage)
             ... in a bailey.
             The game lasted 00:18:15 (7173 turns).

mandarbmax the Grappler (Troll Transmuter)          Turns: 7173, Time: 00:18:16

Health: -3/76      AC:  6    Str: 20    XL:     9   Next: 56%
Magic:  8/9        EV:  7    Int: 16    God:    Okawaru [**....]
Gold:   502        SH: 19    Dex: 12    Spells: 7/10 levels left

rFire    . . .     SeeInvis +     - Unarmed
rCold    . . .     Faith    +   r - +4 tower shield
rNeg     . . .     Spirit   .   a - +0 robe
rPois    .         Reflect  .   (helmet restricted)
rElec    .         Harm     .   x - scarf {repulsion}
rCorr    .         Rampage  .   (gloves unavailable)
MR       .....                  (boots unavailable)
Stlth    +.........             u - amulet of faith
HPRegen  0.62/turn              h - +6 ring of intelligence
MPRegen  0.11/turn              B - ring of see invisible

@: attractive, hasted, repel missiles, very quick
A: large, unfitting armour, claws 3, regeneration 1, shaggy fur 1, tough skin 3
a: Heroism, Renounce Religion


You were in a bailey.
You worshipped Okawaru.
Okawaru was pleased with you.
You visited 1 branch of the dungeon, and saw 8 of its levels.
You also visited: Bailey.

You collected 556 gold pieces.
You spent 54 gold pieces at shops.

Inventory:

Missiles
 k - 7 silver javelins
 l - 8 silver boomerangs
 o - 4 boomerangs (quivered)
 t - 14 poisoned darts
Armour
 a - a +0 robe (worn)
 d - a scarf of invisibility
 p - a +0 kite shield of poison resistance
 r - a +4 tower shield (worn)
 x - a scarf of repulsion (worn)
Jewellery
 e - an uncursed amulet of reflection
 h - a +6 ring of intelligence (left claw)
 q - an uncursed ring of positive energy
 u - an amulet of faith (around neck)
 z - a cursed amulet of inaccuracy {unknown}
 B - a ring of see invisible (right claw)
 C - an uncursed ring of protection from cold
Scrolls
 b - a scroll of magic mapping
 j - 3 scrolls of teleportation
 m - 4 scrolls of remove curse
 n - a scroll of amnesia
 w - 4 scrolls of fog
Potions
 c - 2 potions of lignification
 g - a potion of heal wounds
 s - 3 potions of curing
 v - a potion of mutation
 A - a potion of ambrosia


   Skills:
 - Level 1.0 Fighting
 + Level 5.4 Throwing
 - Level 2.0 Dodging
 + Level 5.4 Shields
 - Level 10.0 Unarmed Combat
 - Level 1.2 Spellcasting
 - Level 2.0 Transmutations


You had 7 spell levels left.
You knew the following spells:

 Your Spells              Type           Power        Failure   Level
a - Beastly Appendage     Tmut           #.....       61%         1
b - Wereblood             Tmut           #.......     75%         2

Your spell library contained the following spells:

 Spells                   Type           Power        Failure   Level
 Spider Form              Tmut/Pois      #.........   98%         3
 Ice Form                 Ice/Tmut       #.......     100%        4
 Blade Hands              Tmut           #.........   100%        5


Dungeon Overview and Level Annotations

Branches:
Dungeon (8/15)             Temple (0/1) D:5          Bailey (1/1)
   Lair: D:8-11

Altars:
Okawaru

Shops:
D:4 [


Innate Abilities, Weirdness & Mutations

You are too large for most types of armour.
You have claws for hands.
Your natural rate of healing is unusually fast.
You are covered in fur. (AC +1)
You have extremely tough skin. (AC +3)


Message History

Your Shields skill increases to level 5!
You feel much better.
The orc warrior hits you with a +0 spear!
* * * LOW HITPOINT WARNING * * *
You feel much better.
You scratch the orc warrior but do no damage.
You block the orc warrior's attack.
You claw the orc warrior!
The orc warrior is heavily wounded.
You closely miss the orc warrior.
The orc warrior is heavily wounded.
The orc warrior hits you with a +0 spear!
* * * LOW HITPOINT WARNING * * *
Unknown command.
You claw the orc warrior!
The orc warrior is severely wounded.
You scratch the orc warrior but do no damage.
The orc warrior is severely wounded.
The orc warrior hits you with a +0 spear!!
You die...

#.≈..##### #.....##....
#.≈.#############'########
#.≈)##.....##.........##..
#.≈(.##...##..≈≈≈≈§≈§..#'.
#.≈≈(.##.##..§≈.....≈≈..##
#∩.≈≈..#'#..≈≈...⌠...§§..#
##.≈≈..#'#..≈≈..⌠∩⌠..≈≈..#
#.≈≈..##.#o..≈≈.§...§≈..##
#.≈..##..@##..≈≈≈≈≈≈≈..##.
#.≈.##.....##.........##..
#.≈.#############+###'####
#.≈..........##.... ##....
#.≈≈≈≈≈≈≈≈≈≈..##.∩.##..≈≈≈
#..........≈≈..## ##..≈≈..
##########..≈≈..###..≈≈..#
##..≈≈.....≈≈..##
##..≈≈≈≈≈≈≈..##


You could see an orc warrior (strong).

Vanquished Creatures
  2 orc knights (Bailey)
  Prince Ribbit (D:6)
  Menkaure (D:5)
  4 orc warriors
  A black bear (D:6)
  A phantom (D:6)
  A centaur (D:2)
  A bullfrog (D:6)
  3 killer bees (D:8)
  4 howler monkeys
  A bullfrog skeleton (D:4)
  2 bullfrog zombies
  2 jellies
  5 orc priests
  A centaur skeleton (D:5)
  4 orc wizards
  A hound skeleton (D:4)
  8 gnolls
  15 adders
  A shadow imp (D:5)
  A white imp (D:5)
  An ufetubus (D:7)
  4 oozes
  4 worms
  2 dart slugs
  4 leopard geckos
  28 orcs
  5 giant cockroaches
  10 hobgoblins
  10 jackals
  5 kobolds
  A quokka (D:3)
  5 ball pythons
  9 bats
  9 frilled lizards
  9 goblins
  A leopard gecko skeleton (D:4)
  12 rats
179 creatures vanquished.

Notes
Turn   | Place    | Note
-------+----------+-------------------------------------------
     0 | D:1      | mandarbmax the Troll Transmuter began the quest for the
                  | Orb.
     0 | D:1      | Reached XP level 1. HP: 18/18 MP: 1/1
    68 | D:1      | Reached skill level 1 in Fighting
   120 | D:1      | Reached XP level 2. HP: 27/27 MP: 0/2
   237 | D:1      | Learned a level 2 spell: Wereblood
   540 | D:1      | Reached XP level 3. HP: 25/33 MP: 1/3
   789 | D:2      | Found a faded altar of an unknown god.
   864 | D:2      | Reached skill level 4 in Unarmed Combat
   953 | D:2      | Reached XP level 4. HP: 36/41 MP: 0/4
  1705 | D:2      | Reached skill level 5 in Unarmed Combat
  1711 | D:2      | Reached XP level 5. HP: 48/48 MP: 1/5
  1856 | D:2      | Noticed a centaur
  1870 | D:2      | Killed a centaur
  1871 | D:2      | Reached skill level 6 in Unarmed Combat
  2297 | D:3      | Reached XP level 6. HP: 51/55 MP: 2/6
  3272 | D:4      | Found Xudisuj's Armour Shoppe.
  3280 | D:4      | Bought a +0 tower shield for 54 gold pieces
  3454 | D:4      | Found an iron altar of Okawaru.
  3461 | D:4      | Became a worshipper of Warmaster Okawaru
  3488 | D:4      | Reached skill level 7 in Unarmed Combat
  3935 | D:5      | Entered Level 5 of the Dungeon
  3946 | D:5      | Reached skill level 1 in Throwing
  3946 | D:5      | Reached XP level 7. HP: 62/62 MP: 7/7
  3948 | D:5      | Reached skill level 1 in Shields
  4220 | D:5      | Found a staircase to the Ecumenical Temple.
  4469 | D:5      | Noticed Menkaure
  4475 | D:5      | Killed Menkaure
  4782 | D:5      | Reached skill level 8 in Unarmed Combat
  4935 | D:5      | Reached * piety under Okawaru
  4936 | D:5      | Reached XP level 8. HP: 44/70 MP: 8/8
  5119 | D:6      | Noticed Prince Ribbit
  5146 | D:6      | Killed Prince Ribbit
  5433 | D:6      | Reached skill level 9 in Unarmed Combat
  6654 | D:8      | Found a flagged portal.
  6704 | Bailey   | Entered a bailey
  6777 | Bailey   | Reached ** piety under Okawaru
  6778 | Bailey   | Reached XP level 9. HP: 34/76 MP: 9/9
  6962 | Bailey   | Noticed an orc knight
  6962 | Bailey   | Noticed an orc knight
  7156 | Bailey   | Killed an orc knight
  7157 | Bailey   | Reached skill level 10 in Unarmed Combat
  7166 | Bailey   | Killed an orc knight
  7167 | Bailey   | Reached skill level 5 in Throwing
  7167 | Bailey   | Reached skill level 5 in Shields
  7173 | Bailey   | Slain by an orc warrior

Illustrated notes

Levels and vault maps discovered:
D:1:      lightli_arrival_lavapool, layout_rooms
D:2:      minmay_razor_zed, layout_basic, chequers_ecumenical_altar_simple_redux
D:3:      layout_basic
D:4:      layout_basic, serial_shops, shop, okawaru_gym_becter
D:5:      layout_cave_pods, minmay_temple_entry_stoned_glass, uniq_menkaure
D:6:      layout_cave_pods, uniq_prince_ribbit1
D:7:      layout_basic
D:8:      layout_gridville, enter_bailey_2, minmay_manual_mess
Bailey:   bailey_polearm_1, bailey

Skill      XL: |  1  2  3  4  5  6  7  8  9 |
---------------+----------------------------+-----
Fighting       | 1 |  1.0
Dodging        | 2 |  2.0
Transmutations | 2 |  2.0
Unarmed Combat | 4 5 6 7 8 9 10 | 10.0
Throwing       | 1 2 4 5 |  5.4
Shields        | 2 3 5 |  5.4
Spellcasting   | |  1.2

Action                   |  1- 3 |  4- 6 |  7- 9 || total
-------------------------+-------+-------+-------++-------
Melee: Unarmed           |    81 |   182 |   250 ||   513
       Kick              |     8 |    20 |       ||    28
       Headbutt          |     3 |    13 |       ||    16
       Punch             |       |     1 |       ||     1
Throw: Javelin           |       |     3 |     3 ||     6
       Boomerang         |       |       |    23 ||    23
       Dart              |       |       |    50 ||    50
 Cast: Beastly Appendage |    16 |    34 |     1 ||    51
       Wereblood         |     1 |    16 |       ||    17
Invok: Heroism           |       |       |     3 ||     3
Evoke: Wand              |       |       |    21 ||    21
  Use: Scroll            |       |       |    19 ||    19
       Potion            |       |       |     5 ||     5
 Stab: Sleeping          |       |     2 |       ||     2
Armor: Robe              |    34 |    47 |    40 ||   121
       Skin              |       |       |    39 ||    39
Dodge: Dodged            |    37 |    48 |    25 ||   110
Block: Other             |     3 |    25 |       ||    28
       Tower shield      |       |    30 |   251 ||   281
       Reflection        |       |     2 |       ||     2

Table legend: (Time is in decaauts)
 A = Elapsed time spent in this place.
 B = Non-inter-level travel time spent in this place.
 C = Inter-level travel time spent in this place.
 D = Time resting spent in this place.
 E = Time spent auto-exploring this place.
 F = Levels seen in this place.
 G = Mean time per level.
                   A        B        C        D        E       F      G
               +--------+--------+--------+--------+--------+-----+--------+
         Total |   7143 |   6999 |    144 |    743 |   4850 |   9 |  793.7 |
       Dungeon |   6684 |   6540 |    144 |    615 |   4784 |   8 |  835.5 |
        Bailey |    458 |    458 |      0 |    128 |     66 |   1 |  458.0 |
               +--------+--------+--------+--------+--------+-----+--------+

Top non-repeatable levels by time:
     D:2: 1308 daAuts
     D:6: 1258 daAuts
     D:3: 1022 daAuts
     D:5: 988 daAuts
     D:4: 804 daAuts
     D:1: 784 daAuts
  Bailey: 458 daAuts
     D:7: 454 daAuts
     D:8: 64 daAuts
